 Dungeon Crawl Stone Soup version 0.26.1-11-gd32895ea62 (webtiles) character file.

Game seed: 3437694752977780760

58 jifgo the Firebug (level 3, -3/20 HPs)
             Began as a Deep Elf Fire Elementalist on May 10, 2021.
             Killed from afar by an orc wizard (9 damage)
             ... with a magic dart
             ... on level 1 of the Dungeon.
             The game lasted 00:02:33 (1602 turns).

jifgo the Firebug (Deep Elf Fire Elementalist)      Turns: 1602, Time: 00:02:34

Health: -3/20      AC:  2    Str: 11    XL:     3   Next: 75%
Magic:  3/10       EV: 13    Int: 20    God:
Gold:   81         SH:  0    Dex: 15    Spells: 5/9 levels left

rFire    . . .     SeeInvis .   i - +0 dagger (holy)
rCold    . . .     Faith    .   (no shield)
rNeg     . . .     Spirit   .   a - +0 robe
rPois    .         Reflect  .   (no helmet)
rElec    .         Harm     .   (no cloak)
rCorr    .         Rampage  .   (no gloves)
Will     .....                  (no boots)
Stlth    ++........             (no amulet)
HPRegen  0.06/turn              f - +6 ring of strength
MPRegen  0.12/turn              (no ring)

@: no status effects
A: no striking features
a: no special abilities


You were on level 1 of the Dungeon.
You visited 1 branch of the dungeon, and saw 2 of its levels.

You collected 81 gold pieces.

Inventory:

Hand Weapons
 b - a +0 dagger
 i - a +0 dagger of holy wrath (weapon)
Armour
 a - a +0 robe (worn)
Jewellery
 f - a +6 ring of strength (left hand)
Scrolls
 g - a scroll of fear {unknown}
 h - 4 scrolls of teleportation {unknown}
 j - a scroll of enchant armour {unknown}
 k - a scroll of identify {unknown}
 l - a scroll of blinking {unknown}
Potions
 c - a potion of flight {unknown}
 d - a potion of mutation {unknown}
 e - a potion of brilliance {unknown}


   Skills:
 + Level 0.8 Fighting
 + Level 3.1 Dodging
 + Level 3.2 Stealth
 + Level 3.5 Spellcasting
 + Level 1.7 Conjurations
 + Level 3.6 Fire Magic


You had 5 spell levels left.
You knew the following spells:

 Your Spells              Type           Power        Failure   Level
a - Conjure Flame         Conj/Fire      14%          13%         3
x - Foxfire               Conj/Fire      56%          4%          1

Your spell library contained the following spells:

 Spells                   Type           Power        Failure   Level
 Inner Flame              Hex/Fire       10%          19%         3
 Sticky Flame             Conj/Fire      14%          41%         4
 Fireball                 Conj/Fire      7%           77%         5


Dungeon Overview and Level Annotations

Branches:
Dungeon (2/15)

Altars:

Annotations:
D:2 Robin


Message History

There is a stone staircase leading up here.
Casting: Foxfire (safe; 4% risk of failure)
Confirm with . or Enter, or press ? or * to list all spells.
You conjure some foxfire!
Casting: Foxfire (safe; 4% risk of failure)
Confirm with . or Enter, or press ? or * to list all spells.
You conjure some foxfire!
The foxfire hits the goblin.
You kill the goblin!
The orc wizard gestures at you while chanting.
The magic dart hits you!
You climb upwards.
Your mindless thralls stay behind.
There is a stone staircase leading down here.
The orc wizard gestures at you while chanting.
The puff of flame misses you.
The orc wizard points at you and mumbles some strange words.
The puff of flame hits you!
* * * LOW HITPOINT WARNING * * *
The orc wizard casts a spell at you. The magic dart hits you!
You die...

#.#.#.##.# #..#.# #.#
#.##.###.###..#.####.#
#.##.# #.............#
###.##.#######..#.######
.....#............#
.##...............#
.....#.#########(.#
....#..# #........#
...###.###.#####@## ...#
##.##.# #.# ...###.###.#
#.# ...##((....# #.#
♣♣.#.#.##### #o#
♣♣.#.#.##### #.#
...#.(.....# #.#
.....#..##.# #.#
.....##>##.### #.#


You could see an orc wizard.

Vanquished Creatures
  2 adders (D:2)
  A worm (D:2)
  2 orcs (D:2)
  9 goblins
  7 hobgoblins
  5 kobolds
  A ball python (D:1)
  2 bats (D:1)
  A frilled lizard (D:1)
  4 rats (D:1)
34 creatures vanquished.

Vanquished Creatures (others)
  94 foxfires
94 creatures vanquished.

Grand Total: 128 creatures vanquished

Notes
Turn   | Place    | Note
-------+----------+-------------------------------------------
     0 | D:1      | jifgo the Deep Elf Fire Elementalist began the quest for
                  | the Orb.
     0 | D:1      | Reached XP level 1. HP: 10/10 MP: 6/6
   360 | D:1      | Reached XP level 2. HP: 15/15 MP: 5/8
  1151 | D:2      | Reached XP level 3. HP: 8/20 MP: 4/9
  1155 | D:2      | Learned a level 3 spell: Conjure Flame
  1572 | D:2      | Noticed Robin
  1602 | D:1      | Killed from afar by an orc wizard

Illustrated notes

Levels and vault maps discovered:
D:1:      amcnicky_arrival_single_pillar, layout_loops_ring, corner_web_ring,
          st_stairs_7, minmay_misc_feat_diagonals
D:2:      layout_loops_cross, lemuel_coloured_pillars_altar, minivault_5,
          tso_metal_star, uniq_sigmund, uniq_robin

Skill      XL: |  1  2 |
---------------+-------+-----
Dodging        | 3 |  3.1
Stealth        | 3 |  3.2
Fighting       | |  0.8
Spellcasting   | |  3.5
Conjurations   | |  1.7
Fire Magic     | |  3.6

Action                   || total
-------------------------++-------
Melee: Dagger            ||     3
 Cast: Foxfire           ||    60
       Conjure Flame     ||     1
Armor: Robe              ||     4
Dodge: Dodged            ||    23
